 Dungeon Crawl Stone Soup version 0.25-a0-290-g4a1327ee3a (webtiles) character file.

Game seed: 14452502859984586041, levelgen mode: classic

37 Borgoz the Skirmisher (level 3, -6/24 HPs)
             Began as a Kobold Fighter on Dec 15, 2019.
             Blown up by Ijyb (30 damage)
             ... with a disintegration bolt
             ... on level 3 of the Dungeon.
             The game lasted 00:01:27 (1237 turns).

Borgoz the Skirmisher (Kobold Fighter)              Turns: 1237, Time: 00:01:27

Health: -6/24      AC:  7    Str: 14    XL:     3   Next: 62%
Magic:  3/3        EV:  9    Int:  9    God:
Gold:   73         SH:  8    Dex: 14    Spells: 2/2 levels left

rFire    . . .     SeeInvis .   a - +0 rapier
rCold    . . .     Gourm    .   c - +0 shield
rNeg     . . .     Faith    .   b - +0 scale mail
rPois    .         Spirit   .   (no helmet)
rElec    .         Reflect  .   (no cloak)
rCorr    .         Harm     .   (no gloves)
MR       .....                  h - +0 pair of boots
Stlth    ..........             (no amulet)
HPRegen  0.08/turn              m - ring of flight
MPRegen  0.08/turn              (no ring)

@: no status effects
A: small, carnivore
a: Evoke Flight


You were on level 3 of the Dungeon.
You were very full.

You visited 1 branch of the dungeon, and saw 3 of its levels.

You collected 73 gold pieces.

Inventory:

Hand Weapons
 a - a +0 rapier (weapon)
Armour
 b - a +0 scale mail (worn)
 c - a +0 shield (worn)
 h - a +0 pair of boots (worn)
Jewellery
 m - a ring of flight (left hand)
Scrolls
 g - 3 scrolls of remove curse {unknown}
 j - a scroll of amnesia {unknown}
 l - a scroll of fear {unknown}
 n - a scroll of enchant weapon {unknown}
 o - a scroll of immolation {unknown}
 p - a scroll of enchant armour {unknown}
Potions
 d - a potion of might
 e - 3 potions of flight {unknown}
 i - 2 potions of brilliance {unknown}
 k - a potion of curing {unknown}
 q - a potion of haste {unknown}
Comestibles
 f - 4 rations


   Skills:
 * Level 3.9 Fighting
 + Level 3.1 Short Blades
 * Level 2.8 Armour
 + Level 1.3 Dodging
 - Level 2.4 Shields


You had 2 spell levels left.
You didn't know any spells.
Your spell library was empty.

Dungeon Overview and Level Annotations

Branches:
Dungeon (3/15)

Altars:
Makhleb
Sif Muna

Annotations:
D:3 Ijyb


Innate Abilities, Weirdness & Mutations

You are small and have problems with some larger weapons.
You are carnivorous and can eat meat at any time.


Message History

You see here 3 stones.
There is an open door here.
You see here a stone.
You see here 16 stones.
Done exploring.
Done exploring.
Done exploring.
(D) Dungeon
Where to? (Enter - D:2, ? - help)
There is a stone staircase leading down here.
You climb downwards.
An adder, a giant cockroach, 5 orcs and Ijyb come into view.
Ijyb is carrying a wand of disintegration (12).
Ijyb shouts!
The orc shouts! x5; You hear a shout!
Found a white potion and 12 gold pieces.
There is a stone staircase leading up here.
There are monsters nearby!
You closely miss the orc.
Ijyb zaps a wand.
You are blasted!
Ouch! That really hurt!
You die...

.$ .. ... . #..
.##.. .. ..
.... ... ..
...# ....
.##...# .....
...o.#
...!..#.oo.##..
#.....s@...oo..
#.......#g#####
#.......# #
####....#
.......
.....#..
.S....#..
......#...


You could see Ijyb, an adder, 5 orcs and a giant cockroach.

Vanquished Creatures
  A worm (D:2)
  3 leopard geckos (D:2)
  5 bats
  4 goblins
  4 hobgoblins
  2 jackals (D:2)
  3 frilled lizards
  4 kobolds
  6 rats
32 creatures vanquished.

Notes
Turn   | Place    | Note
-------+----------+-------------------------------------------
     0 | D:1      | Borgoz the Kobold Fighter began the quest for the Orb.
     0 | D:1      | Reached XP level 1. HP: 14/14 MP: 1/1
   203 | D:1      | Reached XP level 2. HP: 19/19 MP: 2/2
   696 | D:2      | Reached XP level 3. HP: 19/24 MP: 3/3
   727 | D:2      | Reached skill level 1 in Dodging
   866 | D:2      | Found a burning altar of Makhleb.
  1139 | D:2      | Found a shimmering blue altar of Sif Muna.
  1236 | D:3      | Noticed Ijyb
  1237 | D:3      | Blown up by Ijyb

Levels and vault maps discovered:
D:1:      tarquinn_simple_flora_water_f, layout_basic
D:2:      layout_loops_ring, led_sif_pool, first_ration, bloody_makhleb
D:3:      layout_basic, lemuel_coloured_pillars_altar, serial_corexii_hall,
          corexii_hall_statues_deadend, corexii_hall_statues_l,
          grunt_ministairs_9, uniq_ijyb

Skill      XL: |  1  2  3 |
---------------+----------+-----
Short Blades   | 3 |  3.1
Dodging        | 1 |  1.3
Fighting       | |  3.9
Armour         | |  2.8
Shields        | |  2.4

Action                   || total
-------------------------++-------
Melee: Rapier            ||   106
  Eat: Chunk             ||     9
Armor: Scale mail        ||    41
Dodge: Dodged            ||    38
Block: Shield            ||    44

Table legend:
 A = Non-vault XP
 B = Vault XP
 C = Vault XP percentage of total XP
 D = Non-vault monster count
 E = Vault monster count
 F = Vault count percentage of total count
                 A         B        C        D         E       F
            +---------+---------+-------+---------+---------+-------
      Total |      54 |       0 |   0.0 |      32 |       0 |   0.0
            +---------+---------+-------+---------+---------+-------
        D:1 |      17 |       0 |   0.0 |      11 |       0 |   0.0
        D:2 |      37 |       0 |   0.0 |      21 |       0 |   0.0
            +---------+---------+-------+---------+---------+-------
